AoeStats
← Caldi

Arena

510096349Analyzed
4v4 RM · 1d ago on Sep 29, 2026· 87m 20s· 8 players
Game mode
Random Map
Map size
Large (8 player)
Population
200
Speed
Normal
Resources
Standard
Victory
Conquest
Starting age
Dark Age
Ending age
Imperial Age
RankedLock teamsTeams togetherTeam positionsShared explorationLock speedFull tech treeHidden civsTurbo modeCheats
Victory
Defeat
🇨🇴 Berbers · Colombia
746
+5
🇨🇳 Persians · China
736
+6
🇮🇹 Bohemians · Italy
729
+6
🇶🇦 Bohemians · Qatar
716
+6
🇩🇪 Ethiopians · Germany
502
-7
🇨🇳 Portuguese · China
485
-6
🇦🇺 Huns · Australia
449
-5
🇦🇺 Mongols · Australia
435
-5
cedric1112
13:18 Feudal Age
13:57 Double-Bit Axe
13:55 Horse Collar
19:50 Castle Age
17:57 Stone Mining
18:17 Gold Mining
20:54 Heavy Plow
22:13 Bow Saw
24:58 Fletching
25:08 Padded Archer Armor
26:51 Wheelbarrow
31:52 Imperial Age
29:43 Leather Archer Armor
29:24 Bodkin Arrow
29:49 Crossbowman
30:38 Thumb Ring
30:46 Royal Heirs
33:42 Chemistry
32:49 Arbalester
34:23 Ring Archer Armor
35:39 Husbandry
36:55 Gold Shaft Mining
36:56 Conscription
36:02 Heavy Camel Rider
41:21 Light Cavalry
43:06 Scale Barding Armor
44:17 Arson
66:42 Halberdier
72:57 Squires
Caldi
14:21 Feudal Age
15:00 Double-Bit Axe
15:34 Gold Mining
19:04 Castle Age
17:06 Stone Mining
23:32 Bow Saw
28:11 Gold Shaft Mining
30:25 Imperial Age
30:24 Horse Collar
31:26 Drill
31:25 Capped Ram
32:07 Siege Ram
36:21 Wheelbarrow
41:58 Hand Cart
MarkyKenz
1:49 Loom
14:01 Feudal Age
14:31 Double-Bit Axe
15:24 Wheelbarrow
14:48 Gold Mining
22:46 Castle Age
21:01 Fletching
20:57 Horse Collar
22:04 Padded Archer Armor
22:53 Crossbowman
25:34 Thumb Ring
25:48 Hand Cart
32:03 Scale Barding Armor
43:57 Heavy Plow
44:18 Stone Mining
53:52 Fervor
57:30 Gold Shaft Mining
61:35 Imperial Age
61:51 Bow Saw
63:22 Two-Man Saw
63:29 Parthian Tactics
62:25 Heavy Cavalry Archer
63:34 Conscription
64:59 Chemistry
65:38 Leather Archer Armor
65:19 Bodkin Arrow
65:32 Elite Tarkan
67:04 Forging
67:08 Murder Holes
68:04 Bracer
68:10 Husbandry
71:18 Bloodlines
71:48 Iron Casting
74:04 Chain Barding Armor
74:33 Caravan
75:55 Blast Furnace
76:08 Ballistics
77:38 Plate Barding Armor
Joehahaha
0:28 Loom
12:32 Feudal Age
16:45 Castle Age
18:35 Wheelbarrow
17:51 Double-Bit Axe
17:52 Horse Collar
18:56 Bow Saw
22:50 Gold Mining
22:51 Stone Mining
25:29 Heavy Plow
26:44 Caravan
27:32 Coinage
29:17 Pikeman
29:42 Gambesons
30:13 Forging
30:03 Scale Mail Armor
31:51 Hand Cart
31:22 Town Watch
36:10 Imperial Age
34:22 Iron Casting
34:03 Chain Mail Armor
37:19 Conscription
37:00 Arquebus
36:20 Elite Organ Gun
36:29 Elite Organ Gun
38:10 Ballistics
38:50 Chemistry
37:49 Murder Holes
38:04 Masonry
37:40 Halberdier
41:41 Guilds
42:14 Banking
44:59 Crop Rotation
49:46 Fortified Wall
51:52 Two-Man Saw
Balardroch
0:36 Loom
12:00 Feudal Age
19:41 Castle Age
18:05 Double-Bit Axe
18:02 Horse Collar
20:32 Bow Saw
23:16 Fervor
22:59 Gold Mining
23:12 Heavy Plow
29:32 Imperial Age
27:46 Fletching
27:56 Padded Archer Armor
28:21 Town Watch
29:14 Wheelbarrow
28:28 Town Watch
31:05 Caravan
31:33 Husbandry
32:46 Conscription
34:22 Hand Cart
34:40 Bloodlines
37:14 Crop Rotation
37:59 Elite Genitour
39:45 Forging
39:41 Scale Barding Armor
39:32 Bodkin Arrow
39:52 Leather Archer Armor
40:00 Ballistics
41:28 Iron Casting
40:59 Murder Holes
41:10 Siege Engineers
42:23 Chemistry
42:05 Kasbah
42:19 Heavy Camel Rider
43:39 Ring Archer Armor
47:32 Bracer
48:33 Blast Furnace
47:53 Chain Barding Armor
48:43 Maghrebi Camels
49:42 Town Patrol
52:42 Fortified Wall
52:43 Masonry
52:57 Arson
53:03 Elite Camel Archer
58:34 Hoardings
64:17 Light Cavalry
67:35 Light Cavalry
69:31 Hussar
85:59 Spies/Treason
JOE
0:30 Loom
11:55 Feudal Age
18:39 Castle Age
17:24 Horse Collar
17:32 Double-Bit Axe
19:06 Wheelbarrow
20:28 Hand Cart
21:33 Bow Saw
21:30 Heavy Plow
23:06 Gold Mining
34:57 Imperial Age
34:10 Scale Barding Armor
34:06 Padded Archer Armor
34:53 Masonry
35:05 Ballistics
34:59 Stone Mining
36:23 Chemistry
35:58 Thumb Ring
35:14 Crossbowman
37:03 Leather Archer Armor
36:39 Fletching
38:18 Conscription
38:01 Kamandaran
38:12 Elite War Elephant
39:49 Crop Rotation
40:24 Two-Man Saw
42:16 Architecture
42:00 Forging
43:28 Gold Shaft Mining
43:31 Stone Shaft Mining
48:25 Ring Archer Armor
47:51 Bodkin Arrow
49:53 Chain Barding Armor
50:09 Iron Casting
53:11 Plate Barding Armor
58:51 Caravan
DogeDogOfVenice
0:28 Loom
11:52 Feudal Age
13:12 Wheelbarrow
12:26 Double-Bit Axe
12:50 Horse Collar
13:37 Town Watch
13:29 Man-at-Arms
17:45 Arson
19:02 Scale Mail Armor
20:15 Forging
27:18 Scale Barding Armor
31:05 Castle Age
31:48 Long Swordsman
32:29 Squires
31:51 Pikeman
34:41 Hand Cart
36:32 Bow Saw
40:38 Heavy Plow
41:55 Wagenburg Tactics
42:11 Fletching
42:34 Padded Archer Armor
43:36 Husbandry
42:57 Light Cavalry
43:57 Leather Archer Armor
46:20 Chain Barding Armor
47:44 Iron Casting
51:35 Caravan
65:48 Imperial Age
67:27 Onager
73:55 Two-Man Saw
73:38 Cavalier
75:10 Conscription
77:08 Blast Furnace
78:49 Capped Ram
81:16 Hussite Reforms
85:23 Elite Hussite Wagon
Sam wood
4:30 Loom
11:42 Feudal Age
12:59 Wheelbarrow
12:10 Town Watch
12:56 Double-Bit Axe
13:14 Horse Collar
22:30 Castle Age
24:03 Hand Cart
23:49 Town Patrol
24:30 Heavy Plow
24:45 Bow Saw
27:23 Murder Holes
27:51 Ballistics
31:58 Imperial Age
30:10 Fortified Wall
32:33 Chemistry
33:14 Husbandry
33:58 Padded Archer Armor
34:46 Conscription
35:36 Cavalier
35:40 Pikeman
36:59 Fletching
38:32 Elite Hussite Wagon
39:43 Siege Engineers
41:35 Two-Man Saw
42:36 Elite Genitour
43:34 Forging
43:30 Scale Barding Armor
43:42 Leather Archer Armor
44:14 Wagenburg Tactics
46:49 Caravan
58:57 Iron Casting
58:43 Chain Barding Armor
70:26 Sappers
72:08 Houfnice
74:06 Blast Furnace
73:02 Bodkin Arrow
73:38 Ring Archer Armor
81:04 Bracer
Connection lost

Rejoining the realm…

Still unreachable

The connection could not be restored.

Session expired

The server has moved on; the page needs a fresh start.